 Dungeon Crawl Stone Soup version 0.27-a0-277-g024f7ef292 (webtiles) character file.

Game seed: 18235536293789666271

1677 siradein the Gusty (level 8, -22/62 HPs)
             Began as a Green Draconian Air Elementalist on Feb 6, 2021.
             Was a Believer of Vehumet.
             Annihilated by an orc warlord
             ... wielding a +0 broad axe
              (29 damage)
             ... in a bailey.
             The game lasted 00:37:23 (7798 turns).

siradein the Gusty (DrAE)                           Turns: 7798, Time: 00:37:23

Health: -22/62     AC:  9    Str: 11    XL:     8   Next: 70%
Magic:  12/17      EV: 12    Int: 18    God:    Vehumet [**....]
Gold:   448        SH:  0    Dex: 17    Spells: 4/19 levels left

rFire    + . .     SeeInvis .   v - +2 flail (protect)
rCold    . . .     Faith    .   (no shield)
rNeg     . . .     Spirit   .   (armour unavailable)
rPois    +         Reflect  .   (helmet restricted)
rElec    .         Harm     .   e - +2 cloak
rCorr    .         Rampage  .   (no gloves)
Will     .....                  (no boots)
Stlth    ++........             l - amulet of magic regeneration
HPRegen  0.20/turn              g - ring of protection from fire
MPRegen  0.40/turn              y - +6 ring of dexterity

@: berserk cooldown, flying, very slightly contaminated, slowed, very slow
A: breathe noxious fumes, unfitting armour, poison resistance, robust 1, wild
magic 1, cold-blooded, AC +6
a: Breathe Noxious Fumes, Renounce Religion


You were in a bailey.
You worshipped Vehumet.
Vehumet was pleased with you.
You visited 2 branches of the dungeon, and saw 8 of its levels.
You also visited: Bailey.

You collected 448 gold pieces.

Inventory:

Hand Weapons
 v - a +2 flail of protection (weapon)
Armour
 e - a +2 cloak (worn)
Jewellery
 g - a ring of protection from fire (left hand)
 l - an amulet of magic regeneration (around neck)
 y - a +6 ring of dexterity (right hand)
Wands
 q - a wand of polymorph (6)
 u - a wand of acid (8)
Scrolls
 f - a scroll of enchant armour
 i - a scroll of amnesia
 j - a scroll of blinking {unknown}
 k - 2 scrolls of immolation
 m - 7 scrolls of identify
 n - 3 scrolls of remove curse
Potions
 a - a potion of magic {unknown}
 b - 3 potions of curing
 c - 2 potions of haste
 d - a potion of might {unknown}
 h - 3 potions of lignification
 p - 3 potions of degeneration {unknown}
 r - 4 potions of brilliance {unknown}
 s - a potion of attraction


   Skills:
 - Level 1.7 Dodging
 - Level 1.7 Stealth
 + Level 6.2 Spellcasting
 + Level 6.4 Conjurations
 + Level 7.1 Air Magic


You had 4 spell levels left.
You knew the following spells:

 Your Spells              Type           Power        Failure   Level
a - Shock                 Conj/Air       100%         1%          1
b - Searing Ray           Conj           74%          2%          2
c - Static Discharge      Conj/Air       38%          4%          3
d - Airstrike             Air            20%          10%         4
e - Lightning Bolt        Conj/Air       19%          28%         5

Your spell library contained the following spells:

 Spells                   Type           Power        Failure   Level
 Freeze                   Ice            28%          17%         1
 Magic Dart               Conj           100%         1%          1
 Swiftness                Air            40%          2%          2
 Dazzling Flash           Conj/Hex       44%          14%         3
 Fulminant Prism          Conj/Hex       11%          38%         4
 Iskenderun's Mystic Bla  Conj/Tloc      22%          38%         4


Dungeon Overview and Level Annotations

Branches:
Dungeon (7/15)             Temple (1/1) D:4          Bailey (1/1)

Altars:
Cheibriados
Elyvilon
Nemelex Xobeh
Qazlal
Sif Muna
Uskayaw
Vehumet
Wu Jian
Yredelemnul
Zin
The Shining One


Innate Abilities, Weirdness & Mutations

You can breathe blasts of noxious fumes.
Your lurid green scales are hard. (AC +6)
You cannot fit into any form of body armour.
Your system is resistant to poisons. (rPois)
You are cold-blooded and may be slowed by cold attacks.
You are robust. (+10% HP)
Your spells are a little harder to cast, but a little more powerful.


Message History

You feel your anger nearly subside.
You are no longer berserk.
You are exhausted.
You feel yourself slow down.
Things that are here:
a +0 hand axe; a +0 leather armour
Casting: Airstrike (dangerous; 10% risk of failure)
Confirm with . or Enter, or press ? or * to list all spells.
You don't know that spell.
Casting: Airstrike (dangerous; 10% risk of failure)
Confirm with . or Enter, or press ? or * to list all spells.
Aiming: Airstrike (dangerous; 10% risk of failure)
Press: ? - help, Dir - move target, f/p - orc warlord
Aim: an orc warlord, wielding a +0 broad axe and wearing a +0 plate armour (heavily wounded)
You miscast Airstrike.
You are very lightly contaminated with residual magic.
Nothing appears to happen.
The orc warlord hits you with a +0 broad axe!!
* * * LOW HITPOINT WARNING * * *
The orc warlord hits you with a +0 broad axe!!
You die...

♣.##...#≈|!8...8!}≈#...
♣♣..###)#≈.........≈#'##
♣..(≈≈≈.#≈..8...8..≈#.≈≈
♣...≈≈≈.##.........##.≈≈
∩...≈≈≈.#≈....∩....≈#.≈≈
♣..(≈≈≈.#≈.........≈#.≈≈
♣..(≈≈≈(#≈≈.8...8.≈≈#.≈≈
♣♣..###'###.......###'##
♣.##..@.#≈.8.).8.≈#....
♣##...o.#≈≈≈≈)≈≈≈≈#....
##...(..####≈≈≈####....
#...8.)....#'''#(.....8
#......................
#......................
##..8..8...........8..8
##.......#######......
##.....## ##.....


You could see an orc warlord.

Vanquished Creatures
  4 orc warriors
  A phantom (D:6)
  A centaur (D:5)
  A scorpion (D:6)
  4 wights
  3 killer bees (D:6)
  A bullfrog skeleton (D:4)
  A gnoll shaman (D:7)
  3 orc priests
  A hound (D:4)
  2 iguanas (D:6)
  Terence (D:2)
  A worker ant (D:5)
  Natasha (thrice) (D:2)
  4 orc wizards
  A howler monkey zombie (D:6)
  2 worker ant zombies
  7 gnolls
  6 adders
  4 white imps
  An ufetubus (D:5)
  An ooze (D:2)
  4 adder skeletons
  An adder zombie (D:5)
  A worm (D:4)
  3 leopard geckos
  19 orcs
  7 bats
  4 giant cockroaches
  13 goblins
  7 hobgoblins
  14 jackals
  3 quokkas
  3 ball pythons
  4 frilled lizards
  21 kobolds
  A quokka skeleton (D:6)
  5 rats
163 creatures vanquished.

Notes
Turn   | Place    | Note
-------+----------+-------------------------------------------
     0 | D:1      | siradein the Draconian Air Elementalist began the quest for
                  | the Orb.
     0 | D:1      | Reached XP level 1. HP: 14/14 MP: 3/3
   446 | D:1      | Reached XP level 2. HP: 20/20 MP: 3/5
  1139 | D:1      | Learned a level 2 spell: Swiftness
  1200 | D:2      | Reached XP level 3. HP: 22/26 MP: 0/6
  1457 | D:2      | Noticed Terence
  1765 | D:2      | Noticed Natasha
  1789 | D:2      | Killed Natasha
  2227 | D:2      | Noticed Natasha
  2309 | D:2      | Reached XP level 4. HP: 33/33 MP: 6/8
  2494 | D:2      | Learned a level 3 spell: Static Discharge
  2643 | D:2      | Killed Natasha
  2886 | D:2      | Killed Terence
  2887 | D:2      | Reached skill level 4 in Air Magic
  3068 | D:2      | Noticed Natasha
  3075 | D:2      | Killed Natasha
  3076 | D:2      | Reached XP level 5. HP: 38/38 MP: 2/9
  3820 | D:3      | Gained mutation: Your magical capacity is low. (-10% MP)
                  | [potion of mutation]
  3820 | D:3      | Gained mutation: You evolve. [potion of mutation]
  4229 | D:4      | Lost mutation: Your magical capacity is low. (-10% MP)
                  | [potion of mutation]
  4229 | D:4      | Lost mutation: You evolve. [potion of mutation]
  4229 | D:4      | Gained mutation: You are robust. (+10% HP) [potion of
                  | mutation]
  4229 | D:4      | Gained mutation: Your spells are a little harder to cast,
                  | but a little more powerful. [potion of mutation]
  4235 | D:4      | Learned a level 4 spell: Airstrike
  4267 | D:4      | Found a staircase to the Ecumenical Temple.
  4289 | Temple   | Entered the Ecumenical Temple
  4307 | Temple   | Became a worshipper of Vehumet
  4364 | D:4      | Reached XP level 6. HP: 49/49 MP: 9/11
  5059 | D:5      | Entered Level 5 of the Dungeon
  5398 | D:5      | Reached skill level 5 in Air Magic
  5654 | D:5      | Your scales start taking on a lurid green colour.
  5654 | D:5      | Reached XP level 7. HP: 55/55 MP: 10/13
  5654 | D:5      | Gained mutation: Your system is resistant to poisons.
                  | (rPois) [Green Draconian growth]
  5689 | D:5      | Found a glowing silver altar of Zin.
  5749 | D:5      | Reached * piety under Vehumet
  5749 | D:5      | Offered knowledge of Foxfire by Vehumet.
  6499 | D:6      | Reached skill level 5 in Spellcasting
  6499 | D:6      | Reached skill level 5 in Conjurations
  6517 | D:6      | Learned a level 5 spell: Lightning Bolt
  6640 | D:6      | Reached skill level 6 in Air Magic
  6642 | D:6      | Reached XP level 8. HP: 62/62 MP: 8/16
  7112 | D:7      | Reached ** piety under Vehumet
  7112 | D:7      | Offered knowledge of Freeze by Vehumet.
  7137 | D:7      | Found a sparkling altar of Nemelex Xobeh.
  7182 | D:7      | Found a flagged portal.
  7188 | Bailey   | Entered a bailey
  7193 | Bailey   | Noticed an orc warlord
  7390 | Bailey   | Found a runed translucent gate.
  7406 | Bailey   | Found a runed translucent gate.
  7407 | Bailey   | Found a runed translucent gate.
  7458 | Bailey   | Reached skill level 7 in Air Magic
  7683 | Bailey   | Learned a level 2 spell: Searing Ray
  7798 | Bailey   | Annihilated by an orc warlord

Illustrated notes

Levels and vault maps discovered:
D:1:      saegor_arrival_simple_e, layout_loops_ring
D:2:      layout_loops_ring, palyth_stone_intersect, uniq_terence, uniq_natasha
D:3:      layout_basic
D:4:      layout_loops_ring, minmay_temple_entry_wispy
D:5:      layout_loops_ring, lemuel_round_altar, corexii_leaking_fountain,
          serial_park_tiny_pond
D:6:      layout_basic, uniq_crazy_yiuf_cottage
D:7:      layout_rooms, enter_bailey_2, nemelex_xobeh_ov_fountains_minmay
Temple:   regret_index_temple_chain_breaker
Bailey:   bailey_axe_bossmonster_kennysheep, bailey

Skill      XL: |  1  2  3  4  5  6  7  8 |
---------------+-------------------------+-----
Conjurations   | 2 3 4 5 6 |  6.4
Spellcasting   | 3 4 5 6 |  6.2
Air Magic      | 4 5 6 7 |  7.1
Dodging        | |  1.7
Stealth        | |  1.7

Action                   |  1- 3 |  4- 6 |  7- 9 || total
-------------------------+-------+-------+-------++-------
Melee: Unarmed           |       |     5 |       ||     5
       Flail             |       |       |     6 ||     6
       Tailslap          |       |       |     2 ||     2
 Cast: Shock             |    87 |   163 |   193 ||   443
       Swiftness         |     1 |       |       ||     1
       Airstrike         |       |       |     6 ||     6
Evoke: Wand              |       |       |     2 ||     2
  Use: Scroll            |       |     7 |     6 ||    13
       Potion            |       |     2 |     3 ||     5
Armor: Skin              |    23 |    21 |    15 ||    59
Dodge: Dodged            |    25 |    36 |    46 ||   107
       Rpst.: Falchion   |       |     3 |       ||     3

Table legend: (Time is in decaauts)
 A = Elapsed time spent in this place.
 B = Non-inter-level travel time spent in this place.
 C = Inter-level travel time spent in this place.
 D = Time resting spent in this place.
 E = Time spent auto-exploring this place.
 F = Levels seen in this place.
 G = Mean time per level.
                   A        B        C        D        E       F      G
               +--------+--------+--------+--------+--------+-----+--------+
         Total |   7818 |   7692 |    126 |    229 |   5770 |   9 |  868.7 |
       Dungeon |   7168 |   7042 |    126 |    164 |   5445 |   7 | 1024.0 |
        Temple |     37 |     37 |      0 |      0 |     10 |   1 |   37.0 |
        Bailey |    612 |    612 |      0 |     65 |    315 |   1 |  612.0 |
               +--------+--------+--------+--------+--------+-----+--------+

Top non-repeatable levels by time:
     D:2: 1833 daAuts
     D:1: 1345 daAuts
     D:5: 1135 daAuts
     D:3: 1012 daAuts
     D:6: 903 daAuts
     D:4: 843 daAuts
  Bailey: 612 daAuts
     D:7: 94 daAuts
  Temple: 37 daAuts
